 Dungeon Crawl Stone Soup version 0.23.2-40-g277498a001 (webtiles) character file.

Game seed: 16983355882499892112

11041 Kikorro the Basher (level 11, -4/101 HPs)
             Began as a Minotaur Berserker on Sept 9, 2019.
             Was a High Priest of Trog.
             Slain by an ettin
             ... wielding a +0 dire flail
              (37 damage)
             ... on level 2 of the Orcish Mines.
             The game lasted 00:39:21 (12031 turns).

Kikorro the Basher (Minotaur Berserker)            Turns: 12031, Time: 00:39:21

Health: -4/101     AC: 15    Str: 26    XL:     11   Next: 44%
Magic:  0/10       EV: 11    Int:  4    God:    Trog [*****.]
Gold:   796        SH:  0    Dex:  9    Spells: 10/10 levels left

rFire    . . .     SeeInvis .   t - +4 mace
rCold    + . .     Gourm    .   (no shield)
rNeg     . . .     Faith    .   w - +0 chain mail
rPois    .         Spirit   +   (helmet restricted)
rElec    .         Reflect  .   (no cloak)
rCorr    +         Harm     .   a - +0 pair of gloves
MR       .....                  g - +0 pair of boots
Stlth    ..........             F - amulet of guardian spirit
HPRegen  0.26/turn              H - ring of protection from cold (curse)
MPRegen  0.12/turn              G - ring of resist corrosion

@: no status effects
A: retaliatory headbutt, horns 2
a: Berserk, Trog's Hand, Brothers in Arms, Renounce Religion


You were on level 2 of the Orcish Mines.
You worshipped Trog.
Trog was extremely pleased with you.
You were not hungry.

You visited 2 branches of the dungeon, and saw 11 of its levels.

You collected 796 gold pieces.

Inventory:

Hand Weapons
 t - a +4 mace (weapon)
 J - a +3 hunting sling of freezing
 N - the +5 demon trident of Trog's Supremacy {vamp, Fragile +Inv Int+3 Dex+2, unknown}
   (Trog gifted it to you on level 1 of the Orcish Mines)

   It inflicts no extra harm, but heals its wielder when it wounds a living foe.
   It affects your intelligence (+3).
   It affects your dexterity (+2).
   It lets you turn invisible.
   It will be destroyed if unequipped.
Missiles
 K - 17 sling bullets
Armour
 a - a +0 pair of gloves (worn)
 g - a +0 pair of boots (worn)
 w - a +0 chain mail (worn)
 L - a +0 plate armour
Jewellery
 F - an amulet of guardian spirit (around neck)
 G - a ring of resist corrosion (right hand)
 H - a cursed ring of protection from cold (left hand)
Wands
 q - a wand of iceblast (13)
 y - a wand of paralysis (12)
 z - a wand of clouds (6)
 C - a wand of acid (8)
 D - a wand of enslavement (9)
 E - a wand of disintegration (12)
 I - a wand of polymorph (6)
Scrolls
 b - 8 scrolls of teleportation
 e - 2 scrolls of random uselessness {unknown}
 j - 4 scrolls of enchant armour
 k - 5 scrolls of remove curse {unknown}
 l - a scroll of amnesia {unknown}
 p - 2 scrolls of fear {unknown}
 r - 2 scrolls of magic mapping {unknown}
 s - 5 scrolls of enchant weapon {unknown}
 u - 3 scrolls of blinking {unknown}
 x - a scroll of fog {unknown}
 A - a scroll of noise {unknown}
 B - a scroll of torment {unknown}
 M - a scroll of brand weapon {unknown}
Potions
 d - 6 potions of heal wounds
 f - a potion of brilliance {unknown}
 h - a potion of berserk rage
 i - 3 potions of haste
 m - 2 potions of lignification
 n - 4 potions of curing {unknown}
 o - a potion of flight {unknown}
 v - 4 potions of mutation {unknown}
Comestibles
 c - 18 rations


   Skills:
 + Level 10.8 Fighting
 + Level 14.0 Maces & Flails
 + Level 11.7 Armour
 + Level 5.6 Dodging
 - Level 0.8 Stealth


You had 10 spell levels left.
You didn't know any spells.
Your spell library was empty.

Dungeon Overview and Level Annotations

Branches:
Dungeon (9/15)             Temple (0/1) D:6             Orc (2/2) D:9
   Lair: D:8-11         Elf: Orc:2

Altars:
Cheibriados
Fedhas
Kikubaaqudgha
Makhleb
Nemelex Xobeh
Qazlal
Sif Muna
Trog
Vehumet
Wu Jian
Xom
Yredelemnul
The Shining One


Innate Abilities, Weirdness & Mutations

You reflexively headbutt those who attack you in melee.
You have a pair of horns on your head.


Message History

The orc wizard hits you but does no damage.
The centaur shoots an arrow.
The arrow hits you.
You sock the orc wizard!
You kill the orc wizard!
Trog accepts your kill.
Trog appreciates your killing of a magic user.
Your Maces & Flails skill increases to level 14!
The centaur shoots an arrow.
The arrow hits you.
You see here an arrow.
You feel yourself speed up.
The centaur shoots an arrow.
The arrow closely misses you.
The centaur shoots an arrow.
The arrow hits you! The ettin closely misses you. x2
There is a stone staircase leading up, spattered with blood here.
Things that are here:
2 arrows; 3 tomahawks The centaur shoots an arrow.
The arrow hits you.
The centaur shoots an arrow.
The arrow hits you.
The ettin hits you with a +0 dire flail!!
The ettin hits you with a +0 dire flail!!!
You die...

.................#
.........#........#
.......$...#.....#
.................##
........$.........#
.............##..##
.........$.......##
........)..)......#
...........^..((@)......##
......$..c...)..C).......#
.....#...................#
...................).....#
..C......................#
........................##
.(.......o..............#
[..o.....................#
$...... ............#.##


You could see an ettin, an orc warrior (wandering) and a centaur.

Vanquished Creatures
  Erica (D:8)
  A two-headed ogre (D:9)
  2 orc knights
  Pikel (D:6)
  Joseph (D:9)
  A troll (Orc:1)
  2 hippogriffs
  A wraith (D:9)
  A yak (D:7)
  3 hogs (D:7)
  A human (D:7)
  A warg (Orc:1)
  2 sky beasts
  23 orc warriors
  A slave (D:6)
  3 necrophages (D:9)
  A phantom (D:9)
  4 centaurs
  5 ogres
  A crocodile (D:9)
  2 bullfrogs
  A wyvern zombie (D:9)
  A water moccasin zombie (D:6)
  A scorpion (D:8)
  13 killer bees
  A troll skeleton (D:9)
  7 wights (D:9)
  A howler monkey (D:7)
  A crimson imp (D:8)
  A centaur zombie (D:7)
  3 hounds
  3 human zombies (D:9)
  3 bullfrog zombies
  23 orc wizards
  A centaur skeleton (D:9)
  5 orc priests
  3 jellies
  An iguana (D:8)
  A bullfrog skeleton (D:7)
  A human skeleton (D:9)
  4 worker ants
  An ogre zombie (D:9)
  2 worker ant zombies
  3 gnolls (D:2)
  9 adders
  A shadow imp (D:7)
  2 adder skeletons
  4 worms
  A dart slug (D:2)
  3 leopard geckos
  107 orcs
  8 giant cockroaches
  2 goblins (D:1)
  9 hobgoblins
  15 jackals
  4 quokkas
  6 bats
  4 frilled lizards
  8 kobolds
  8 rats
330 creatures vanquished.

Vanquished Creatures (others)
  A centaur (Orc:2)
  An orc (Orc:2)
2 creatures vanquished.

Grand Total: 332 creatures vanquished

Notes
Turn   | Place    | Note
-------+----------+-------------------------------------------
     0 | D:1      | Kikorro the Minotaur Berserker began the quest for the Orb.
     0 | D:1      | Reached XP level 1. HP: 19/19 MP: 0/0
   209 | D:1      | Reached skill level 4 in Maces & Flails
   209 | D:1      | Reached XP level 2. HP: 22/27 MP: 1/1
   561 | D:1      | Reached ** piety under Trog
   941 | D:2      | Reached XP level 3. HP: 20/33 MP: 2/2
  1202 | D:2      | Found a blossoming altar of Fedhas.
  1250 | D:2      | Reached XP level 4. HP: 41/41 MP: 3/3
  1266 | D:2      | Found a radiant altar of Vehumet.
  1638 | D:2      | Reached skill level 5 in Maces & Flails
  1641 | D:2      | Found a snail-covered altar of Cheibriados.
  1885 | D:2      | Found an ornate altar of the Wu Jian Council.
  2540 | D:3      | Reached XP level 5. HP: 47/47 MP: 4/4
  2556 | D:3      | Reached skill level 5 in Fighting
  2575 | D:3      | Reached *** piety under Trog
  3135 | D:4      | Found a stormy altar of Qazlal.
  3143 | D:4      | Found a blossoming altar of Fedhas.
  3224 | D:4      | Reached XP level 6. HP: 54/56 MP: 5/5
  3235 | D:4      | Reached skill level 6 in Maces & Flails
  3440 | D:4      | Found a burning altar of Makhleb.
  3440 | D:4      | Noticed an Executioner
  3594 | D:5      | Entered Level 5 of the Dungeon
  4101 | D:5      | Reached XP level 7. HP: 59/62 MP: 6/6
  4272 | D:5      | Reached **** piety under Trog
  4272 | D:5      | Reached skill level 7 in Maces & Flails
  4284 | D:5      | Found a burning altar of Makhleb.
  4450 | D:6      | Found a staircase to the Ecumenical Temple.
  4515 | D:6      | Noticed Pikel
  4534 | D:6      | Killed Pikel
  4534 | D:6      | Reached skill level 8 in Maces & Flails
  4534 | D:6      | Reached XP level 8. HP: 60/70 MP: 7/7
  4734 | D:6      | Reached skill level 9 in Maces & Flails
  4954 | D:6      | Found a deep blue altar of Sif Muna.
  5358 | D:7      | Paralysed by an orc for 2 turns
  5482 | D:7      | Reached skill level 10 in Maces & Flails
  5544 | D:7      | Reached XP level 9. HP: 70/79 MP: 8/8
  6119 | D:8      | Noticed Erica
  6126 | D:8      | Killed Erica
  6126 | D:8      | Reached skill level 11 in Maces & Flails
  6142 | D:8      | Reached skill level 5 in Dodging
  6525 | D:8      | Reached XP level 10. HP: 70/90 MP: 5/9
  6784 | D:8      | Reached ***** piety under Trog
  7168 | D:8      | Found a faded altar of an unknown god.
  7168 | D:8      | Found a sparkling altar of Nemelex Xobeh.
  7173 | D:8      | Found a glowing golden altar of the Shining One.
  7175 | D:8      | Found a faded altar of an unknown god.
  7176 | D:8      | Found a bloodstained altar of Trog.
  7755 | D:9      | Found a staircase to the Orcish Mines.
  7777 | D:9      | Noticed a two-headed ogre
  7792 | D:9      | Reached skill level 12 in Maces & Flails
  7794 | D:9      | Killed a two-headed ogre
  7794 | D:9      | Reached skill level 10 in Armour
  7795 | D:9      | Received a gift from Trog
  8189 | D:9      | Found a basalt altar of Yredelemnul.
  8585 | D:9      | Noticed Joseph
  8607 | D:9      | Killed Joseph
  8751 | D:9      | Found an ancient bone altar of Kikubaaqudgha.
  8901 | D:9      | Reached skill level 13 in Maces & Flails
  9109 | D:9      | Found a shimmering altar of Xom.
  9321 | Orc:1    | Entered Level 1 of the Orcish Mines
  9327 | Orc:1    | Noticed an orc knight
  9334 | D:9      | Reached skill level 10 in Fighting
  9547 | D:9      | Killed an orc knight
  9547 | D:9      | Reached XP level 11. HP: 50/99 MP: 7/10
 10051 | Orc:1    | Received a gift from Trog
 10447 | Orc:1    | Got a dazzling demon trident {god gift}
 11005 | Orc:2    | Entered Level 2 of the Orcish Mines
 11005 | Orc:2    | Noticed an orc knight
 11022 | Orc:1    | Killed an orc knight
 12025 | Orc:2    | Noticed an ettin
 12028 | Orc:2    | Reached skill level 14 in Maces & Flails
 12031 | Orc:2    | Slain by an ettin

Skill      XL: |  1  2  3  4  5  6  7  8  9 10 11 |
---------------+----------------------------------+-----
Maces & Flails | 4 5 6 8 10 11 13 14 | 14.0
Fighting       | 4 5 6 7 8 10 | 10.8
Armour         | 3 4 6 7 9 10 11 | 11.7
Dodging        | 3 4 5 |  5.6
Stealth        | |  0.8

Action                   |  1- 3 |  4- 6 |  7- 9 | 10-12 || total
-------------------------+-------+-------+-------+-------++-------
Melee: Mace              |    52 |   162 |   215 |   489 ||   918
       Headbutt          |     5 |    27 |    43 |   103 ||   178
       Flail             |       |     9 |       |       ||     9
Invok: Berserk           |       |     1 |     1 |     6 ||     8
  Use: Scroll            |       |     5 |     1 |     1 ||     7
  Eat: Chunk             |     1 |    10 |     6 |    18 ||    35
       Ration            |       |       |     1 |     1 ||     2
Armor: Animal skin       |     9 |       |       |       ||     9
       Leather armour    |     2 |     4 |       |       ||     6
       Ring mail         |       |    40 |       |       ||    40
       Chain mail        |       |    27 |   112 |   226 ||   365
Dodge: Dodged            |    49 |   108 |   103 |   265 ||   525
